 Dungeon Crawl Stone Soup version 0.30-a0-166-g5d06c95188 (webtiles) character file.

Game seed: 14332980363776264591

53 Ijustatesigmund the Trooper (level 3, 0/24 HPs)
             Began as a Gargoyle Fighter on Sept 29, 2022.
             Slain by a goblin
             ... wielding a +0 club
             ... led by Robin
              (6 damage)
             ... on level 2 of the Dungeon.
             The game lasted 00:01:55 (1330 turns).

Ijustatesigmund the Trooper (Gargoyle Fighter)      Turns: 1330, Time: 00:01:55

Health: 0/24       AC: 10    Str: 21    XL:     3   Next: 87%
Magic:  3/3        EV:  9    Int:  8    God:
Gold:   94         SH:  4    Dex:  9    Spells: 2/2 levels left

rFire   . . .      SeeInvis .    a - +0 flail
rCold   . . .      Faith    .    c - +0 buckler
rNeg    + . .      Spirit   .    b - +0 scale mail
rPois   ∞          Reflect  .    (no helmet)
rElec   +          Harm     .    (no cloak)
rCorr   .          Rampage  .    (no gloves)
Will    +....                    (no boots)
Stlth   ..........               (no amulet)
HPRegen 0.08/turn                g - ring of willpower
MPRegen 0.08/turn                (no ring)

@: studying Dodging
A: sickness immunity, AC +3, negative energy resistance 1, electricity
resistance, torment resistance 1, petrification resistance
a: no special abilities


You were on level 2 of the Dungeon.
You visited 1 branch of the dungeon, and saw 2 of its levels.

You collected 94 gold pieces.

Inventory:

Hand Weapons
 a - a +0 flail (weapon)
Armour
 b - a +0 scale mail (worn)
 c - a +0 buckler (worn)
Jewellery
 g - a ring of willpower (left hand)
Scrolls
 e - a scroll of magic mapping {unknown}
 f - a scroll of brand weapon {unknown}
 i - a scroll of amnesia {unknown}
 j - a scroll of poison {unknown}
 l - 2 scrolls of teleportation {unknown}
Potions
 d - a potion of might
 h - a potion of heal wounds
 k - a potion of curing


   Skills:
 + Level 4.3 Fighting
 + Level 3.1 Maces & Flails
 - Level 3.2 Armour
 - Level 3.2 Shields


You had 2 spell levels left.
You didn't know any spells.
Your spell library contained the following spells:

 Spells                   Type           Power      Damage    Failure   Level
 Beastly Appendage        Tmut           0%         N/A       83%         1
 Poisonous Vapours        Pois/Air       0%         N/A       93%         2
 Wereblood                Tmut           0%         N/A       93%         2
 Spider Form              Tmut/Pois      0%         N/A       99%         3
 Petrify                  Tmut/Erth      0%         N/A       100%        4
 Irradiate                Conj/Tmut      0%         3d11      100%        5
 Cigotuvi's Dreadful Rot  Necr/Pois/Air  Unusable   N/A       N/A         2
 Sublimation of Blood     Necr           Unusable   N/A       N/A         2

Dungeon Overview and Level Annotations

Branches:
Dungeon (2/15)

Altars:

Annotations:
D:2 Robin


Innate Abilities, Weirdness & Mutations

You are immune to sickness and miasma.
Your stone body is resilient. (AC +3)
You are immune to poison.
You resist negative energy. (rN+)
You are resistant to electric shocks. (rElec)
You are resistant to unholy torment.
You are immune to petrification.


Message History

The hobgoblin hits you but does no damage.
You thump the hobgoblin!
You kill the hobgoblin!
The hobgoblin hits you but does no damage.
You barely miss the hobgoblin. You block the hobgoblin's attack.
You thump the hobgoblin!
You kill the hobgoblin!
You sock the goblin!
You kill the goblin!
You closely miss the hobgoblin.
Robin roars a battlecry!
The goblins go into a battle-frenzy!
The hobgoblin hits you but does no damage.
Robin throws the goblin at you! The hobgoblin hits you.
You barely miss the goblin. The goblin closely misses you.
You block the hobgoblin's attack.
You closely miss the goblin.
The hobgoblin hits you but does no damage.
The goblin hits you but does no damage. x2; The hobgoblin hits you.
You are too injured to fight recklessly!
You are too injured to fight recklessly!
You are too injured to fight recklessly!
You are too injured to fight recklessly!
You are too injured to fight recklessly!
You are too injured to fight recklessly!
You are too injured to fight recklessly!
You are too injured to fight recklessly!
You sock the goblin!
You kill the goblin!
The hobgoblin closely misses you. The hobgoblin attacks as you move away!
The hobgoblin closely misses you. Robin throws the goblin at you!
You see here a +0 club.
You closely miss the goblin. The goblin hits you with a +0 club.
* * * LOW HITPOINT WARNING * * *
The hobgoblin hits you but does no damage.
You hit the goblin.
The goblin is heavily wounded.
The goblin hits you with a +0 club.
You die...

####............###...g
#.......†..........ggg
#.........######...gg
#.........# #..ggg#
#.........# ...g.
#.........# ...
#.........# #'#
#.........#######g#
#...^<....g@ggg.gg#
#.........#########
#.........# ###########


You could see Robin, 2 hobgoblins and 4 goblins.

Vanquished Creatures
  A worm (D:2)
  A dart slug (D:1)
  7 bats
  3 endoplasms (D:1)
  A giant cockroach (D:2)
  5 hobgoblins
  5 kobolds (D:1)
  2 quokkas
  2 ball pythons (D:1)
  9 frilled lizards
  6 goblins
  2 rats
44 creatures vanquished.

Vanquished Creatures (others)
  6 withered plants (D:1)
6 creatures vanquished.

Grand Total: 50 creatures vanquished

Notes
Turn   | Place    | Note
-------+----------+-------------------------------------------
     0 | D:1      | Ijustatesigmund the Gargoyle Fighter began the quest for
                  | the Orb.
     0 | D:1      | Reached XP level 1. HP: 14/14 MP: 1/1
     9 | D:1      | Noticed a centaur
   186 | D:1      | Reached XP level 2. HP: 19/19 MP: 2/2
   353 | D:1      | HP: 1/20 [quokka (4)]
   721 | D:1      | Reached XP level 3. HP: 24/24 MP: 3/3
   722 | D:1      | Reached skill level 4 in Fighting
   768 | D:1      | Found a faded altar of an unknown god.
  1302 | D:2      | Noticed Robin
  1330 | D:2      | Slain by a goblin

Illustrated notes

Levels and vault maps discovered:
D:1:      evilmike_arrival_come_back, layout_rooms,
          ebering_ecumenical_altar_petrified, minmay_hexomino_p4
D:2:      layout_basic, uniq_robin

Skill      XL: |  1  2  3 |
---------------+----------+-----
Fighting       | 4 |  4.3
Maces & Flails | 3 |  3.1
Armour         | |  3.2
Shields        | |  3.2

Action                   || total
-------------------------++-------
Melee: Flail             ||   169
  Use: Scroll            ||     3
Armor: Scale mail        ||    96
Dodge: Dodged            ||    77
Block: Buckler           ||    37

Table legend: (Time is in decaauts)
 A = Elapsed time spent in this place.
 B = Non-inter-level travel time spent in this place.
 C = Inter-level travel time spent in this place.
 D = Time resting spent in this place.
 E = Time spent auto-exploring this place.
 F = Levels seen in this place.
 G = Mean time per level.
                   A        B        C        D        E       F      G
               +--------+--------+--------+--------+--------+-----+--------+
         Total |   1379 |   1354 |     25 |    304 |    685 |   2 |  689.5 |
       Dungeon |   1379 |   1354 |     25 |    304 |    685 |   2 |  689.5 |
               +--------+--------+--------+--------+--------+-----+--------+

Top non-repeatable levels by time:
     D:1: 958 daAuts
     D:2: 421 daAuts
